 Dungeon Crawl Stone Soup version 0.18.1-50-g88ac8fd (webtiles) character file.

204 lorenzova the Sneak (level 5, -2/24 HPs)
             Began as a Spriggan Enchanter on Oct 19, 2016.
             Slain by an ogre
             ... wielding a +0 giant spiked club
              (26 damage)
             ... on level 4 of the Dungeon.
             The game lasted 00:06:31 (4242 turns).

lorenzova the Sneak (Spriggan Enchanter)            Turns: 4242, Time: 00:06:32

Health: -2/24      AC:  3    Str:  8    XL:     5   Next: 52%
Magic:  13/13      EV: 18    Int: 17    God:
Gold:   260        SH:  0    Dex: 16    Spells: 3 memorised, 7 levels left

rFire  . . .     SeeInvis +     h - +1 dagger (drain)
rCold  . . .     Gourm    .     b - +1 robe
rNeg   . . .     Faith    .     (shield restricted)
rPois  .         Spirit   .     (helmet restricted)
rElec  .         Dismiss  .     (no cloak)
rCorr  .         Reflect  .     (gloves unavailable)
SustAt .         Harm     .     (boots unavailable)
MR     .....                    (no amulet)
Stlth  +++.......               (no ring)
                                k - +3 ring of strength

@: very quick, not resistant to hostile enchantments, fairly stealthy
A: unfitting armour, see invisible, herbivore 3, speed 3, slow metabolism 2
a: no special abilities


You were on level 4 of the Dungeon.
You were not hungry.

You visited 1 branch of the dungeon, and saw 4 of its levels.
You also visited: Sewer.

You collected 260 gold pieces.

Inventory:

Hand Weapons
 a - a +1 dagger
 h - a +1 dagger of draining (weapon)
Armour
 b - a +1 robe (worn)
Jewellery
 k - a +3 ring of strength (left hand)
Scrolls
 f - 5 scrolls of identify {unknown}
 i - 6 scrolls of teleportation {unknown}
 l - a scroll of vulnerability {unknown}
 m - a scroll of remove curse {unknown}
 n - a scroll of random uselessness {unknown}
Potions
 e - 2 potions of degeneration {unknown}
 g - a potion of heal wounds
 j - a potion of invisibility
 o - a potion of resistance {unknown}
 p - a potion of magic {unknown}
 q - a potion of curing
 r - a potion of brilliance {unknown}
Books
 c - a book of Maledictions

   Spells                             Type                      Level
   a - Corona                         Hexes                        1
   b - Ensorcelled Hibernation        Hexes/Ice                    2
   c - Confuse                        Hexes                        3
   d - Tukima's Dance                 Hexes                        3
   e - Dazzling Spray                 Conjuration/Hexes            3
Comestibles
 d - 3 bread rations


   Skills:
 - Level 1.1 Short Blades
 - Level 3.0 Dodging
 + Level 5.6 Stealth
 * Level 4.9 Spellcasting
 * Level 5.6 Hexes


You had 7 spell levels left.
You knew the following spells:

 Your Spells              Type           Power        Failure   Level  Hunger
a - Corona                Hex            ###....      1%          1    None
b - Ensorcelled Hibernat  Hex/Ice        ##....       10%         2    #......
c - Confuse               Hex            ###.....     6%          3    ###....


Dungeon Overview and Level Annotations

Branches:
Dungeon (4/15)
 Temple: D:4-7

Altars:
Nemelex Xobeh
Ru


Innate Abilities, Weirdness & Mutations

You are tiny and cannot use many weapons and most armour.
You have supernaturally acute eyesight.
You are a herbivore.
You cover ground extremely quickly.
You need consume almost no food.


Message History

An ogre is nearby!
Casting: Confuse
Confirm with . or Enter, or press ? or * to list all spells.
Aiming: Ensorcelled Hibernation
Press: ? - help, Shift-Dir - straight line, f/p - ogre
Aim: an ogre, wielding a giant spiked club (chance to defeat MR: 44%)
The ogre resists with some effort.
You see here a leather armour.
You see here a spear.
There is a stone staircase leading up here.
You climb upwards.
There is a stone staircase leading down here.
You start resting.
Your magical contamination has completely faded away.
You start resting.
Magic restored.
You climb downwards.
The ogre hits you with a giant spiked club!!
Ouch! That really hurt!
You die...

### ##### ..##
##...##
...###.....########
....#.......#)..@O#
....#.......#.....#
....#.......#.....#
...###.....##.....#
..## ##...##......#
'#######'##.......#
......[....)......#
..................#
..................##


You could see an ogre.

Vanquished Creatures
  2 centaur skeletons (D:4)
  3 gnolls (D:2)
  An adder (D:3)
  3 oozes (Sewer)
  An adder skeleton (D:4)
  5 worms (Sewer)
  4 giant geckos
  5 giant cockroaches
  6 goblins
  9 hobgoblins
  4 jackals (Sewer)
  2 quokkas (D:2)
  5 ball pythons
  14 bats
  4 giant newts
  4 kobolds
  5 rats
77 creatures vanquished.

Notes
Turn   | Place    | Note
--------------------------------------------------------------
     0 | D:1      | lorenzova the Spriggan Enchanter began the quest for the Orb.
     0 | D:1      | Reached XP level 1. HP: 9/9 MP: 5/5
   693 | D:1      | Reached XP level 2. HP: 13/13 MP: 7/7
   697 | D:1      | Learned a level 2 spell: Ensorcelled Hibernation
  1390 | D:1      | Noticed a phantom
  1583 | D:2      | Reached XP level 3. HP: 16/16 MP: 2/9
  1725 | D:1      | Learned a level 3 spell: Confuse
  1964 | D:2      | Found a sparkling altar of Nemelex Xobeh.
  2372 | D:3      | Reached skill level 5 in Stealth
  2375 | D:3      | Reached XP level 4. HP: 21/21 MP: 11/11
  2425 | D:3      | Found a sacrificial altar of Ru.
  2481 | D:3      | Found a glowing drain.
  2518 | Sewer    | Entered a sewer
  2764 | Sewer    | Reached skill level 5 in Hexes
  3727 | D:3      | Reached XP level 5. HP: 24/24 MP: 12/12
  4122 | D:4      | Noticed an ogre
  4242 | D:4      | Slain by an ogre

Skill      XL: |  1  2  3  4 |
---------------+-------------+-----
Spellcasting   | 3 4 |  4.9
Hexes          | 4 5 |  5.6
Stealth        | 5 |  5.6
Short Blades   | |  1.1
Dodging        | |  3.0

Action                   |  1- 3 |  4- 6 || total
-------------------------+-------+-------++-------
Melee: Dagger            |   127 |   134 ||   261
 Cast: Corona            |     1 |       ||     1
       Ensorcelled Hiber |     9 |     1 ||    10
       Confuse           |     1 |    13 ||    14
  Use: Potion            |       |     5 ||     5
 Stab: Sleeping          |    18 |     7 ||    25
       Confused          |       |     3 ||     3
  Eat: Bread ration      |       |     1 ||     1
Armor: Robe              |    10 |    21 ||    31
Dodge: Dodged            |    78 |   111 ||   189
